MINNESOTA vs WINNIPEG

Created - February-21-21 at 18:07

Goals
1 2 3 OT1 SO T
MINNESOTA 0 3 1 0 1 4
WINNIPEG 1 1 2 0 2 5
Shots
1 2 3 OT1 SO T
MINNESOTA 6 11 10 2 4 29
WINNIPEG 10 9 18 6 4 43

1st period

1. WINNIPEG , Marcus Pettersson 1 (J.T. Miller 13, Alex Ovechkin 14) at 0:26

Penalties :
Torey Krug (MIN) for High sticking (Minor) at 4:57

2nd period

2. MINNESOTA , Mats Zuccarello 5 (Colin White 5, Dominik Kahun 7) at 3:02
3. MINNESOTA , Mark Giordano 6 (Tomas Hertl 14, Oliver Ekman-Larsson 8) at 4:42 (PP)
4. MINNESOTA , Nikita Kucherov 14 (Kyle Connor 12, Mark Giordano 12) at 17:17
5. WINNIPEG , Justin Braun 3 (Nic Dowd 4) at 18:59

Penalties :
Chris Tanev (WPG) for Cross-checking (Minor) at 3:44

3rd period

6. WINNIPEG , Alexander Edler 7 (Tyler Toffoli 9, Sidney Crosby 10) at 5:30
7. MINNESOTA , John Tavares 6 (Torey Krug 13, Zach Hyman 4) at 10:15
8. WINNIPEG , Tyler Toffoli 5 (Jay Beagle 4, Patrick Kane 20) at 13:03

Penalties :
Nikita Kucherov (MIN) for Hooking (Minor) at 3:27

Overtime #1

No Goal

Penalties :
No Penalty

Shootout

MINNESOTA, Nikita Kucherov - Shot Misses the Net
WINNIPEG, Alex Ovechkin - Shot Misses the Net
MINNESOTA, Mats Zuccarello - Shot Misses the Net
WINNIPEG, Patrick Kane - Goal!
MINNESOTA, Kyle Connor - Goal!
WINNIPEG, Sidney Crosby - Stopped by Andrei Vasilevskiy
MINNESOTA, Tomas Hertl - Stopped by Connor Hellebuyck
WINNIPEG, J.T. Miller - Goal!

Penalties :
No Penalty

Goalie Stats

Andrei Vasilevskiy (MIN), 39 saves from 43 shots - (0.907), OTL, 15-6-1, 65:00 minutes
Connor Hellebuyck (WPG), 25 saves from 29 shots - (0.862), W, 11-6-2, 65:00 minutes

Players Stats for MINNESOTA

Player Name              G  A  P  +/- PIM S  H  SB GA TA FO     MP     PP MP  PK MP  
------------------------------------------------------------------------------------
Brett Kulak              0  0  0   1  0   0  1  1  0  0  0/0    18:40   0:00   1:57 
Colin White              0  1  1   1  0   2  1  0  0  0  5/11   11:40   0:00   0:00 
Dominik Kahun            0  1  1   1  0   3  0  0  0  0  0/4    14:26   0:00   0:21 
Erik Karlsson            0  0  0   0  0   0  0  1  0  0  0/0    21:34   0:38   2:01 
Johan Larsson            0  0  0   0  0   0  0  0  0  0  5/13    8:48   0:00   1:54 
John Tavares             1  0  1  -3  0   4  0  0  0  0  8/21   17:53   0:38   0:00 
Kyle Connor              0  1  1   1  0   2  2  0  0  0  0/3    22:06   0:38   0:00 
Mark Giordano            1  1  2   1  0   1  3  3  0  0  0/0    26:51   0:20   2:01 
Mats Zuccarello          1  0  1   1  0   7  0  0  0  0  0/2    13:01   0:00   1:43 
Matt Calvert             0  0  0   0  0   3  1  0  0  0  1/2     9:53   0:00   1:54 
Nikita Kucherov          1  0  1   1  2   2  5  0  0  0  1/1    20:14   0:38   0:00 
Niklas Hjalmarsson       0  0  0  -3  0   0  0  2  0  0  0/0    20:48   0:00   1:57 
Oliver Ekman-Larsson     0  1  1  -3  0   0  2  3  0  0  0/0    18:49   0:20   0:00 
Tanner Pearson           0  0  0  -3  0   2  3  0  0  0  1/3    17:35   0:20   0:00 
Tomas Hertl              0  1  1   1  0   0  0  0  0  0  11/26  21:48   0:20   1:51 
Torey Krug               0  1  1   2  2   0  1  2  0  0  0/0    18:17   0:38   0:00 
William Carrier          0  0  0   0  0   0  3  0  0  0  0/2     9:47   0:00   0:13 
Zach Hyman               0  1  1  -3  0   3  1  0  0  0  3/4    18:50   0:20   0:00 

Players Stats for WINNIPEG

Player Name              G  A  P  +/- PIM S  H  SB GA TA FO     MP     PP MP  PK MP  
------------------------------------------------------------------------------------
Alex Ovechkin            0  1  1   0  0   4  1  0  0  0  0/1    24:20   1:56   0:00 
Alexander Edler          1  0  1   0  0   4  4  1  0  0  0/0    28:14   1:54   0:42 
Antoine Roussel          0  0  0   1  0   5  1  0  0  0  1/3    13:44   0:00   0:11 
Chris Tanev              0  0  0   1  2   3  1  2  0  0  0/0    23:44   1:58   0:00 
Dan Hamhuis              0  0  0   0  0   0  0  0  0  0  0/0     2:58   0:00   0:16 
Drew O'Connor            0  0  0   0  0   1  0  0  0  0  0/0     2:18   0:00   0:00 
J.T. Miller              0  1  1   0  0   4  1  0  0  0  0/0    19:28   2:02   0:16 
Jay Beagle               0  1  1   0  0   1  3  0  0  0  17/24  21:40   2:02   0:31 
Justin Braun             1  0  1   0  0   3  1  1  0  0  0/0    16:53   1:54   0:42 
Loui Eriksson            0  0  0   0  0   1  0  0  0  0  1/1     7:07   0:00   0:00 
Marcus Pettersson        1  0  1   1  0   3  3  3  0  0  0/0    18:58   2:04   0:16 
Nic Dowd                 0  1  1   1  0   1  0  0  0  0  16/24  15:21   0:00   0:00 
Olli Maatta              0  0  0   0  0   0  0  1  0  0  0/0    19:00   0:00   0:00 
Oscar Fantenberg         0  0  0   0  0   2  1  2  0  0  0/0    15:12   0:06   0:00 
Patrick Kane             0  1  1   0  0   6  0  0  0  0  0/1    21:58   2:02   0:00 
Sidney Crosby            0  1  1   0  0   2  1  0  0  0  19/33  21:53   1:56   0:00 
Tyler Motte              0  0  0   1  0   2  1  0  0  0  0/0    14:40   0:00   0:42 
Tyler Toffoli            1  1  2   0  0   1  1  0  0  0  1/1    21:19   1:56   0:16 
Zack MacEwen             0  0  0   0  0   0  0  0  0  0  2/4     5:14   0:00   0:00 

3 Stars

1 - Mark Giordano (MIN)
2 - Marcus Pettersson (WPG)
3 - Tyler Toffoli (WPG)

Power Play

MINNESOTA - 1 on 1 Attempt(s) - 100.00%
WINNIPEG - 0 on 2 Attempt(s) - 0.00%

Penalty Kill

MINNESOTA - 2 on 2 Attempt(s) - 100.00% - Score 0 goal in Penalty Kill
WINNIPEG - 0 on 1 Attempt(s) - 0.00% - Score 0 goal in Penalty Kill

Team Stat

MINNESOTA - Hits : 23 - Faceoff Wins : 35 - Blocked Shots : 12 - Penalty Minutes : 4
WINNIPEG - Hits : 19 - Faceoff Wins : 57 - Blocked Shots : 10 - Penalty Minutes : 2

Official

Referees : Francis Charron and Mitch Dunning
Linesman : Mark Shewchyk and Kelsey Mahoney

Game Notes

No Game Note

Finance

Level 1 -- Attendance: 6000 (100.00%) -- Ticket Income $516,000
Level 2 -- Attendance: 5000 (100.00%) -- Ticket Income $255,000
Level 3 -- Attendance: 2000 (100.00%) -- Ticket Income $2,000
Level 4 -- Attendance: 4000 (100.00%) -- Ticket Income $64,000
Luxury Box -- Attendance: 1000 (100.00%) -- Ticket Income $174,000
Game was played at the MTS Centre.
Total Attendance: 18000 (100.00%)
Total Ticket Income: $1,011,000
Total Income: $1,011,000

MINNESOTA

5 vs 5 Forward 
   Center                   Left Wing                Right Wing               Time % Phy DF OF 
 1 Tomas Hertl              Kyle Connor              Nikita Kucherov          37     0   2  3  
 2 John Tavares             Tanner Pearson           Zach Hyman               33     1   2  2  
 3 Colin White              Dominik Kahun            Mats Zuccarello          20     1   3  1  
 4 Johan Larsson            William Carrier          Matt Calvert             10     2   2  1  

5 vs 5 Defense 
   Defense                  Defense                                           Time % Phy DF OF 
 1 Mark Giordano            Erik Karlsson                                     35     1   2  2  
 2 Oliver Ekman-Larsson     Niklas Hjalmarsson                                30     1   2  2  
 3 Brett Kulak              Torey Krug                                        25     1   2  2  
 4 Torey Krug               Mark Giordano                                     10     0   2  3  

PowerPlay Forward 
   Center                   Left Wing                Right Wing               Time % Phy DF OF 
 1 John Tavares             Nikita Kucherov          Kyle Connor              60     0   1  4  
 2 Tomas Hertl              Tanner Pearson           Zach Hyman               40     1   1  3  

PowerPlay Defense
   Defense                  Defense                                           Time % Phy DF OF 
 1 Torey Krug               Erik Karlsson                                     60     0   1  4  
 2 Oliver Ekman-Larsson     Mark Giordano                                     40     1   1  3  

Penalty Kill 4 Players Forward 
   Center                   Wing                     Time % Phy DF OF 
 1 Johan Larsson            Matt Calvert             60     1   3  1  
 2 Tomas Hertl              Mats Zuccarello          40     1   3  1  

Penalty Kill 4 Players Defense
   Defense                  Defense                  Time % Phy DF OF 
 1 Mark Giordano            Erik Karlsson            60     1   3  1  
 2 Niklas Hjalmarsson       Brett Kulak              40     1   4  0  

Penalty Kill - 3 Players Forward 
   Forward                                           Time % Phy DF OF 
 1 Johan Larsson                                     60     1   4  0  
 2 Matt Calvert                                      40     1   4  0  

Penalty Kill - 3 Players Defense
   Defense                  Defense                  Time % Phy DF OF 
 1 Mark Giordano            Niklas Hjalmarsson       60     1   4  0  
 2 Oliver Ekman-Larsson     Mats Zuccarello          40     1   4  0  

4 vs 4 Forward 
   Center                   Wing                     Time % Phy DF OF 
 1 John Tavares             Nikita Kucherov          60     1   2  2  
 2 Tomas Hertl              Kyle Connor              40     1   1  3  

4 vs 4 Defense
   Defense                  Defense                  Time % Phy DF OF 
 1 Mark Giordano            Torey Krug               60     1   2  2  
 2 Oliver Ekman-Larsson     Erik Karlsson            40     1   2  2  

Last Minutes Offensive
   Center                   Left Wing                Right Wing               Defense                  Defense                  
   Tomas Hertl              Kyle Connor              Nikita Kucherov          Torey Krug               Erik Karlsson            

Last Minutes Defensive
   Center                   Left Wing                Right Wing               Defense                  Defense                  
   Tomas Hertl              Tanner Pearson           Matt Calvert             Mark Giordano            Niklas Hjalmarsson       

Goaltenders
Starting : Andrei Vasilevskiy       
Backup : Gilles Senn              

Extra Forwards
Normal : Tomas Hertl, Zach Hyman, Nikita Kucherov - PP : Zach Hyman, Nikita Kucherov - PK : Tomas Hertl
Extra Defensemen
Normal : Oliver Ekman-Larsson, Erik Karlsson, Mark Giordano - PP : Torey Krug - PK : Niklas Hjalmarsson, Mark Giordano
Penalty Shots
Nikita Kucherov, Mats Zuccarello, Kyle Connor, Tomas Hertl, Tanner Pearson

Scratches
MIN Cap Hit (Healthy)

WINNIPEG

5 vs 5 Forward 
   Center                   Left Wing                Right Wing               Time % Phy DF OF 
 1 Jay Beagle               Patrick Kane             Tyler Toffoli            41     1   2  2  
 2 Sidney Crosby            Alex Ovechkin            J.T. Miller              40     1   2  2  
 3 Nic Dowd                 Antoine Roussel          Tyler Motte              15     1   3  1  
 4 Zack MacEwen             Loui Eriksson            Alex Ovechkin            4      1   2  2  

5 vs 5 Defense 
   Defense                  Defense                                           Time % Phy DF OF 
 1 Alexander Edler          Olli Maatta                                       35     1   2  2  
 2 Chris Tanev              Marcus Pettersson                                 33     1   2  2  
 3 Oscar Fantenberg         Justin Braun                                      22     1   2  2  
 4 Alexander Edler          Chris Tanev                                       10     1   2  2  

PowerPlay Forward 
   Center                   Left Wing                Right Wing               Time % Phy DF OF 
 1 Sidney Crosby            Alex Ovechkin            Tyler Toffoli            60     0   2  3  
 2 Jay Beagle               Patrick Kane             J.T. Miller              40     0   2  3  

PowerPlay Defense
   Defense                  Defense                                           Time % Phy DF OF 
 1 Alexander Edler          Justin Braun                                      60     0   2  3  
 2 Chris Tanev              Marcus Pettersson                                 40     1   2  2  

Penalty Kill 4 Players Forward 
   Center                   Wing                     Time % Phy DF OF 
 1 Jay Beagle               Tyler Motte              60     0   3  2  
 2 J.T. Miller              Tyler Toffoli            40     0   3  2  

Penalty Kill 4 Players Defense
   Defense                  Defense                  Time % Phy DF OF 
 1 Alexander Edler          Justin Braun             60     1   4  0  
 2 Chris Tanev              Marcus Pettersson        40     1   4  0  

Penalty Kill - 3 Players Forward 
   Forward                                           Time % Phy DF OF 
 1 Jay Beagle                                        60     1   2  2  
 2 Tyler Motte                                       40     1   2  2  

Penalty Kill - 3 Players Defense
   Defense                  Defense                  Time % Phy DF OF 
 1 Alexander Edler          Olli Maatta              60     1   4  0  
 2 Chris Tanev              Marcus Pettersson        40     1   4  0  

4 vs 4 Forward 
   Center                   Wing                     Time % Phy DF OF 
 1 J.T. Miller              Patrick Kane             60     1   2  2  
 2 Sidney Crosby            Alex Ovechkin            40     1   2  2  

4 vs 4 Defense
   Defense                  Defense                  Time % Phy DF OF 
 1 Alexander Edler          Justin Braun             60     1   2  2  
 2 Chris Tanev              Marcus Pettersson        40     1   2  2  

Last Minutes Offensive
   Center                   Left Wing                Right Wing               Defense                  Defense                  
   Sidney Crosby            Alex Ovechkin            J.T. Miller              Patrick Kane             Tyler Toffoli            

Last Minutes Defensive
   Center                   Left Wing                Right Wing               Defense                  Defense                  
   Jay Beagle               Tyler Motte              Nic Dowd                 Alexander Edler          Chris Tanev              

Goaltenders
Starting : Connor Hellebuyck        
Backup : Louis Domingue           

Extra Forwards
Normal : Drew O'Connor, Loui Eriksson, Antoine Roussel - PP : Antoine Roussel, Loui Eriksson - PK : Antoine Roussel
Extra Defensemen
Normal : Oscar Fantenberg, Dan Hamhuis, Chris Tanev - PP : Oscar Fantenberg - PK : Dan Hamhuis, Chris Tanev
Penalty Shots
Alex Ovechkin, Patrick Kane, Sidney Crosby, J.T. Miller, Tyler Toffoli

Scratches
None


% Time on Ice - MINNESOTA

Lines # - Real PCT - Wanted PCT - Time Play
Normal Forward
1 - 36% - 37% - 19:37
2 - 31% - 33% - 17:15
3 - 21% - 20% - 11:18
4 - 13% - 10% - 6:54
Normal Defense
1 - 34% - 35% - 18:55
2 - 34% - 30% - 18:29
3 - 24% - 25% - 13:15
4 - 8% - 10% - 4:25
PP Forward
1 - 66% - 60% - 0:38
2 - 34% - 40% - 0:20
PP Defense
1 - 66% - 60% - 0:38
2 - 34% - 40% - 0:20
PK Forward
1 - 57% - 60% - 2:15
2 - 43% - 40% - 1:43
PK Defense
1 - 51% - 60% - 2:01
2 - 49% - 40% - 1:57
PK3 Forward
1 - 0% - 60%
2 - 0% - 40%
PK3 Defense
1 - 0% - 60%
2 - 0% - 40%
44 Forward
1 - 0% - 60%
2 - 0% - 40%
44 Defense
1 - 0% - 60%
2 - 0% - 40%
Last Minute Offensive  - 0:00
Last Minute Defensive  - 0:00
Total
Forward - 60:00
Defense - 60:00

% Time on Ice - WINNIPEG

Lines # - Real PCT - Wanted PCT - Time Play
Normal Forward
1 - 35% - 41% - 19:07
2 - 31% - 40% - 17:10
3 - 25% - 15% - 13:33
4 - 10% - 4% - 5:14
Normal Defense
1 - 35% - 35% - 19:00
2 - 30% - 33% - 16:38
3 - 26% - 22% - 14:17
4 - 9% - 10% - 5:09
PP Forward
1 - 49% - 60% - 1:56
2 - 51% - 40% - 2:02
PP Defense
1 - 48% - 60% - 1:54
2 - 52% - 40% - 2:04
PK Forward
1 - 72% - 60% - 0:42
2 - 28% - 40% - 0:16
PK Defense
1 - 72% - 60% - 0:42
2 - 28% - 40% - 0:16
PK3 Forward
1 - 0% - 60%
2 - 0% - 40%
PK3 Defense
1 - 0% - 60%
2 - 0% - 40%
44 Forward
1 - 0% - 60%
2 - 0% - 40%
44 Defense
1 - 0% - 60%
2 - 0% - 40%
Last Minute Offensive  - 0:00
Last Minute Defensive  - 0:00
Total
Forward - 60:00
Defense - 60:00

Play-by-Play

1st period


0:01 of 1st period - Tomas Hertl wins face-off versus Jay Beagle in neutral zone.
0:04 of 1st period - Shot by Nikita Kucherov.
0:04 of 1st period - Stopped by Connor Hellebuyck without a rebound.
0:05 of 1st period - Sidney Crosby wins face-off versus Tanner Pearson in WINNIPEG zone.
0:24 of 1st period - Shot by J.T. Miller.
0:24 of 1st period - Shot Blocked by Oliver Ekman-Larsson.
0:26 of 1st period - Shot by Marcus Pettersson.
0:26 of 1st period - Goal by Marcus Pettersson - MINNESOTA : 0 - WINNIPEG : 1.
0:27 of 1st period - Colin White wins face-off versus Jay Beagle in neutral zone.
0:38 of 1st period - Shot by Mats Zuccarello.
0:38 of 1st period - Shot Misses the Net.
0:40 of 1st period - Shot by Mats Zuccarello.
0:40 of 1st period - Shot Misses the Net.
0:42 of 1st period - Shot by Mats Zuccarello.
0:42 of 1st period - Stopped by Connor Hellebuyck with a rebound.
0:44 of 1st period - Shot by Torey Krug.
0:44 of 1st period - Shot Misses the Net.
0:56 of 1st period - Shot by Dominik Kahun.
0:56 of 1st period - Stopped by Connor Hellebuyck without a rebound.
0:57 of 1st period - Nic Dowd wins face-off versus Tomas Hertl in WINNIPEG zone.
1:24 of 1st period - Shot by Nic Dowd.
1:24 of 1st period - Shot Misses the Net.
2:04 of 1st period - Shot by John Tavares.
2:04 of 1st period - Shot Hit the Post.
2:06 of 1st period - Shot by Niklas Hjalmarsson.
2:06 of 1st period - Shot Misses the Net.
2:35 of 1st period - Icing by Chris Tanev.
2:36 of 1st period - Johan Larsson wins face-off versus Sidney Crosby in WINNIPEG zone.
2:55 of 1st period - Shot by Johan Larsson.
2:55 of 1st period - Shot Misses the Net.
3:22 of 1st period - Icing by Brett Kulak.
3:23 of 1st period - Jay Beagle wins face-off versus Johan Larsson in MINNESOTA zone.
4:52 of 1st period - Shot by Dominik Kahun.
4:52 of 1st period - Stopped by Connor Hellebuyck without a rebound.
4:53 of 1st period - Nic Dowd wins face-off versus John Tavares in WINNIPEG zone.
4:57 of 1st period - Minor Penalty to Torey Krug for High sticking.
4:58 of 1st period - Jay Beagle wins face-off versus Johan Larsson in MINNESOTA zone.
5:24 of 1st period - Shot by J.T. Miller.
5:24 of 1st period - Shot Blocked by Mark Giordano.
6:28 of 1st period - Off-side.
6:29 of 1st period - Johan Larsson wins face-off versus Sidney Crosby in neutral zone.
6:46 of 1st period - Shot by Sidney Crosby.
6:46 of 1st period - Deflect By Alex Ovechkin.
6:46 of 1st period - Stopped by Andrei Vasilevskiy with a rebound.
6:48 of 1st period - Shot by Justin Braun.
6:48 of 1st period - Shot Misses the Net.
6:50 of 1st period - Shot by Justin Braun.
6:50 of 1st period - Stopped by Andrei Vasilevskiy without a rebound.
6:51 of 1st period - Johan Larsson wins face-off versus Jay Beagle in MINNESOTA zone.
7:17 of 1st period - Icing by Oscar Fantenberg.
7:18 of 1st period - Tomas Hertl wins face-off versus Nic Dowd in WINNIPEG zone.
8:11 of 1st period - Shot by Patrick Kane.
8:11 of 1st period - Stopped by Andrei Vasilevskiy with a rebound.
8:13 of 1st period - Shot by Chris Tanev.
8:13 of 1st period - Stopped by Andrei Vasilevskiy without a rebound.
8:14 of 1st period - John Tavares wins face-off versus Sidney Crosby in MINNESOTA zone.
8:47 of 1st period - Shot by John Tavares.
8:47 of 1st period - Stopped by Connor Hellebuyck without a rebound.
8:48 of 1st period - Colin White wins face-off versus Jay Beagle in WINNIPEG zone.
9:03 of 1st period - Shot by Colin White.
9:03 of 1st period - Shot Misses the Net.
9:39 of 1st period - Shot by Nic Dowd.
9:39 of 1st period - Stopped by Andrei Vasilevskiy with a rebound.
9:41 of 1st period - Shot by Chris Tanev.
9:41 of 1st period - Shot Misses the Net.
9:49 of 1st period - Shot by Marcus Pettersson.
9:49 of 1st period - Shot Misses the Net.
9:51 of 1st period - Shot by Tyler Motte.
9:51 of 1st period - Stopped by Andrei Vasilevskiy without a rebound.
9:52 of 1st period - Tanner Pearson wins face-off versus Sidney Crosby in MINNESOTA zone.
10:25 of 1st period - Olli Maatta is hit by Tanner Pearson and loses puck.
11:03 of 1st period - Chris Tanev is hit by Zach Hyman and loses puck.
11:07 of 1st period - Icing by Chris Tanev.
11:08 of 1st period - Tomas Hertl wins face-off versus Nic Dowd in WINNIPEG zone.
11:08 of 1st period - Nikita Kucherov is hit by Marcus Pettersson and loses puck.
11:55 of 1st period - Off-side.
11:56 of 1st period - Sidney Crosby wins face-off versus Colin White in neutral zone.
12:12 of 1st period - Alex Ovechkin is hit by Torey Krug and loses puck.
12:51 of 1st period - Shot by Tyler Toffoli.
12:51 of 1st period - Shot Misses the Net.
12:53 of 1st period - Shot by Patrick Kane.
12:53 of 1st period - Shot Misses the Net.
13:09 of 1st period - Shot by Tyler Toffoli.
13:09 of 1st period - Shot Misses the Net.
13:11 of 1st period - Shot by Patrick Kane.
13:11 of 1st period - Shot Blocked by Torey Krug.
13:13 of 1st period - Shot by Jay Beagle.
13:13 of 1st period - Shot Misses the Net.
13:21 of 1st period - Shot by Patrick Kane.
13:21 of 1st period - Shot Blocked by Brett Kulak.
13:40 of 1st period - Shot by Chris Tanev.
13:40 of 1st period - Stopped by Andrei Vasilevskiy without a rebound.
13:41 of 1st period - Nic Dowd wins face-off versus Tomas Hertl in MINNESOTA zone.
13:48 of 1st period - Shot by Alexander Edler.
13:48 of 1st period - Stopped by Andrei Vasilevskiy with a rebound.
14:04 of 1st period - Icing by Chris Tanev.
14:05 of 1st period - Nic Dowd wins face-off versus John Tavares in WINNIPEG zone.
14:05 of 1st period - Nic Dowd is hit by Tanner Pearson.
14:13 of 1st period - Shot by Antoine Roussel.
14:13 of 1st period - Stopped by Andrei Vasilevskiy with a rebound.
14:21 of 1st period - Shot by John Tavares.
14:21 of 1st period - Shot Misses the Net.
14:23 of 1st period - Shot by Zach Hyman.
14:23 of 1st period - Deflect By John Tavares.
14:23 of 1st period - Shot Misses the Net.
14:34 of 1st period - Icing by Antoine Roussel.
14:35 of 1st period - Nic Dowd wins face-off versus Kyle Connor in WINNIPEG zone.
15:15 of 1st period - Shot by Sidney Crosby.
15:15 of 1st period - Shot Blocked by Mark Giordano.
15:36 of 1st period - Icing by Justin Braun.
15:37 of 1st period - Sidney Crosby wins face-off versus John Tavares in WINNIPEG zone.
17:04 of 1st period - Chris Tanev is hit by Matt Calvert and loses puck.
17:12 of 1st period - Icing by Chris Tanev.
17:13 of 1st period - Nic Dowd wins face-off versus Tomas Hertl in WINNIPEG zone.
17:28 of 1st period - Tyler Motte is hit by Nikita Kucherov and loses puck.
18:23 of 1st period - Icing by Tomas Hertl.
18:24 of 1st period - Tomas Hertl wins face-off versus Patrick Kane in MINNESOTA zone.
18:35 of 1st period - Nikita Kucherov is hit by Oscar Fantenberg and loses puck.
19:19 of 1st period - Mark Giordano is hit by Sidney Crosby.
19:39 of 1st period - Shot by Zach Hyman.
19:39 of 1st period - Deflect By John Tavares.
19:39 of 1st period - Stopped by Connor Hellebuyck without a rebound.
19:40 of 1st period - Nic Dowd wins face-off versus Colin White in WINNIPEG zone.
19:44 of 1st period - Olli Maatta is hit by Brett Kulak and loses puck.
Goals for this period are 0 for MINNESOTA vs 1 for WINNIPEG.
Shots for this period are 6 for MINNESOTA vs 10 for WINNIPEG.

2nd period


0:01 of 2nd period - Jay Beagle wins face-off versus John Tavares in neutral zone.
1:17 of 2nd period - Alexander Edler is hit by Kyle Connor and loses puck.
2:02 of 2nd period - Alexander Edler is hit by William Carrier and loses puck.
2:32 of 2nd period - Icing by Brett Kulak.
2:33 of 2nd period - Colin White wins face-off versus Nic Dowd in MINNESOTA zone.
2:33 of 2nd period - Mats Zuccarello is hit by Tyler Motte and loses puck.
2:56 of 2nd period - Shot by Mats Zuccarello.
2:56 of 2nd period - Shot Misses the Net.
2:58 of 2nd period - Shot by Mats Zuccarello.
2:58 of 2nd period - Shot Blocked by Oscar Fantenberg.
3:00 of 2nd period - Shot by Colin White.
3:00 of 2nd period - Shot Misses the Net.
3:02 of 2nd period - Shot by Mats Zuccarello.
3:02 of 2nd period - Goal by Mats Zuccarello - MINNESOTA : 1 - WINNIPEG : 1.
3:03 of 2nd period - Jay Beagle wins face-off versus John Tavares in neutral zone.
3:05 of 2nd period - Patrick Kane is hit by Oliver Ekman-Larsson and loses puck.
3:11 of 2nd period - Zach Hyman is hit by Marcus Pettersson and loses puck.
3:44 of 2nd period - Minor Penalty to Chris Tanev for Cross-checking.
3:45 of 2nd period - Antoine Roussel wins face-off versus John Tavares in WINNIPEG zone.
3:45 of 2nd period - Antoine Roussel is hit by Nikita Kucherov.
4:05 of 2nd period - Tyler Motte is hit by Nikita Kucherov and loses puck.
4:42 of 2nd period - Shot by Mark Giordano.
4:42 of 2nd period - Goal by Mark Giordano - MINNESOTA : 2 - WINNIPEG : 1.
4:43 of 2nd period - Colin White wins face-off versus Zack MacEwen in neutral zone.
5:02 of 2nd period - Shot by Mats Zuccarello.
5:02 of 2nd period - Shot Misses the Net.
5:04 of 2nd period - Shot by Dominik Kahun.
5:04 of 2nd period - Shot Misses the Net.
5:06 of 2nd period - Shot by Dominik Kahun.
5:06 of 2nd period - Shot Misses the Net.
5:08 of 2nd period - Shot by Colin White.
5:08 of 2nd period - Deflect By Mats Zuccarello.
5:08 of 2nd period - Stopped by Connor Hellebuyck with a rebound.
5:10 of 2nd period - Shot by Colin White.
5:10 of 2nd period - Deflect By Mats Zuccarello.
5:10 of 2nd period - Stopped by Connor Hellebuyck without a rebound.
5:11 of 2nd period - Nic Dowd wins face-off versus Tomas Hertl in WINNIPEG zone.
5:17 of 2nd period - Off-side.
5:18 of 2nd period - Tomas Hertl wins face-off versus Sidney Crosby in neutral zone.
5:21 of 2nd period - Sidney Crosby is hit by Nikita Kucherov and loses puck.
5:41 of 2nd period - Shot by Nikita Kucherov.
5:41 of 2nd period - Shot Misses the Net.
5:43 of 2nd period - Shot by Mark Giordano.
5:43 of 2nd period - Shot Blocked by Alexander Edler.
6:42 of 2nd period - Shot by John Tavares.
6:42 of 2nd period - Shot Misses the Net.
6:44 of 2nd period - Shot by Zach Hyman.
6:44 of 2nd period - Stopped by Connor Hellebuyck without a rebound.
6:45 of 2nd period - Nic Dowd wins face-off versus Johan Larsson in WINNIPEG zone.
6:52 of 2nd period - Shot by Antoine Roussel.
6:52 of 2nd period - Stopped by Andrei Vasilevskiy without a rebound.
6:53 of 2nd period - Nic Dowd wins face-off versus Colin White in MINNESOTA zone.
6:54 of 2nd period - Shot by Tyler Motte.
6:54 of 2nd period - Shot Misses the Net.
6:56 of 2nd period - Shot by Marcus Pettersson.
6:56 of 2nd period - Stopped by Andrei Vasilevskiy without a rebound.
6:57 of 2nd period - Sidney Crosby wins face-off versus Mats Zuccarello in MINNESOTA zone.
6:58 of 2nd period - Shot by J.T. Miller.
6:58 of 2nd period - Shot Blocked by Oliver Ekman-Larsson.
7:26 of 2nd period - Shot by Mats Zuccarello.
7:26 of 2nd period - Stopped by Connor Hellebuyck with a rebound.
8:29 of 2nd period - Shot by Patrick Kane.
8:29 of 2nd period - Stopped by Andrei Vasilevskiy without a rebound.
8:30 of 2nd period - Nic Dowd wins face-off versus Tomas Hertl in MINNESOTA zone.
8:49 of 2nd period - Shot by Nic Dowd.
8:49 of 2nd period - Shot Misses the Net.
8:51 of 2nd period - Shot by Tyler Motte.
8:51 of 2nd period - Stopped by Andrei Vasilevskiy without a rebound.
8:52 of 2nd period - Zack MacEwen wins face-off versus Johan Larsson in MINNESOTA zone.
9:01 of 2nd period - Shot by Loui Eriksson.
9:01 of 2nd period - Shot Blocked by Niklas Hjalmarsson.
9:14 of 2nd period - Shot by Oliver Ekman-Larsson.
9:14 of 2nd period - Deflect By Matt Calvert.
9:14 of 2nd period - Stopped by Connor Hellebuyck with a rebound.
9:16 of 2nd period - Shot by Niklas Hjalmarsson.
9:16 of 2nd period - Shot Blocked by Marcus Pettersson.
9:27 of 2nd period - Icing by Loui Eriksson.
9:28 of 2nd period - Zack MacEwen wins face-off versus Kyle Connor in WINNIPEG zone.
9:47 of 2nd period - Tomas Hertl is hit by Chris Tanev and loses puck.
10:40 of 2nd period - Icing by Patrick Kane.
10:41 of 2nd period - Colin White wins face-off versus Jay Beagle in WINNIPEG zone.
11:00 of 2nd period - Shot by Mats Zuccarello.
11:00 of 2nd period - Stopped by Connor Hellebuyck without a rebound.
11:01 of 2nd period - Zach Hyman wins face-off versus Nic Dowd in WINNIPEG zone.
11:28 of 2nd period - Shot by John Tavares.
11:28 of 2nd period - Shot Misses the Net.
11:30 of 2nd period - Shot by John Tavares.
11:30 of 2nd period - Shot Blocked by Justin Braun.
11:39 of 2nd period - Off-side.
11:40 of 2nd period - Jay Beagle wins face-off versus Tomas Hertl in neutral zone.
11:52 of 2nd period - Patrick Kane is hit by Mark Giordano and loses puck.
12:05 of 2nd period - Shot by Patrick Kane.
12:05 of 2nd period - Shot Misses the Net.
12:42 of 2nd period - Off-side.
12:43 of 2nd period - John Tavares wins face-off versus Nic Dowd in neutral zone.
12:47 of 2nd period - Torey Krug is hit by Marcus Pettersson and loses puck.
12:52 of 2nd period - Shot by Zach Hyman.
12:52 of 2nd period - Shot Blocked by Marcus Pettersson.
12:54 of 2nd period - Shot by Zach Hyman.
12:54 of 2nd period - Shot Blocked by Marcus Pettersson.
12:56 of 2nd period - Shot by Zach Hyman.
12:56 of 2nd period - Stopped by Connor Hellebuyck without a rebound.
12:57 of 2nd period - Sidney Crosby wins face-off versus Colin White in WINNIPEG zone.
13:12 of 2nd period - Shot by Dominik Kahun.
13:12 of 2nd period - Shot Misses the Net.
14:01 of 2nd period - Mats Zuccarello is hit by Jay Beagle and loses puck.
14:44 of 2nd period - Shot by John Tavares.
14:44 of 2nd period - Shot Blocked by Olli Maatta.
15:17 of 2nd period - Icing by Tomas Hertl.
15:18 of 2nd period - Nic Dowd wins face-off versus Tomas Hertl in MINNESOTA zone.
15:26 of 2nd period - Icing by Torey Krug.
15:27 of 2nd period - Tomas Hertl wins face-off versus Sidney Crosby in MINNESOTA zone.
16:01 of 2nd period - Shot by Alex Ovechkin.
16:01 of 2nd period - Stopped by Andrei Vasilevskiy without a rebound.
16:02 of 2nd period - Nic Dowd wins face-off versus John Tavares in MINNESOTA zone.
16:07 of 2nd period - Shot by Antoine Roussel.
16:07 of 2nd period - Shot Misses the Net.
16:09 of 2nd period - Shot by Antoine Roussel.
16:09 of 2nd period - Shot Misses the Net.
16:29 of 2nd period - Shot by Tyler Motte.
16:29 of 2nd period - Shot Misses the Net.
16:31 of 2nd period - Shot by Chris Tanev.
16:31 of 2nd period - Deflect By Antoine Roussel.
16:31 of 2nd period - Stopped by Andrei Vasilevskiy without a rebound.
16:32 of 2nd period - Johan Larsson wins face-off versus Zack MacEwen in MINNESOTA zone.
16:37 of 2nd period - Justin Braun is hit by William Carrier and loses puck.
16:54 of 2nd period - Shot by Matt Calvert.
16:54 of 2nd period - Shot Misses the Net.
16:56 of 2nd period - Shot by Matt Calvert.
16:56 of 2nd period - Stopped by Connor Hellebuyck without a rebound.
16:57 of 2nd period - Jay Beagle wins face-off versus Kyle Connor in WINNIPEG zone.
17:13 of 2nd period - Shot by Nikita Kucherov.
17:13 of 2nd period - Shot Hit the Post.
17:17 of 2nd period - Shot by Kyle Connor.
17:17 of 2nd period - Deflect By Nikita Kucherov.
17:17 of 2nd period - Goal by Nikita Kucherov - MINNESOTA : 3 - WINNIPEG : 1.
17:18 of 2nd period - Sidney Crosby wins face-off versus John Tavares in neutral zone.
17:29 of 2nd period - Shot by Sidney Crosby.
17:29 of 2nd period - Deflect By Alex Ovechkin.
17:29 of 2nd period - Shot Misses the Net.
17:31 of 2nd period - Shot by Sidney Crosby.
17:31 of 2nd period - Shot Misses the Net.
17:33 of 2nd period - Shot by Marcus Pettersson.
17:33 of 2nd period - Stopped by Andrei Vasilevskiy without a rebound.
17:34 of 2nd period - Jay Beagle wins face-off versus Tomas Hertl in MINNESOTA zone.
17:34 of 2nd period - Patrick Kane is hit by Mark Giordano and loses puck.
18:10 of 2nd period - Icing by Erik Karlsson.
18:11 of 2nd period - Sidney Crosby wins face-off versus Tomas Hertl in MINNESOTA zone.
18:20 of 2nd period - Shot by J.T. Miller.
18:20 of 2nd period - Shot Misses the Net.
18:22 of 2nd period - Shot by Chris Tanev.
18:22 of 2nd period - Stopped by Andrei Vasilevskiy without a rebound.
18:23 of 2nd period - John Tavares wins face-off versus Nic Dowd in MINNESOTA zone.
18:30 of 2nd period - John Tavares is hit by Antoine Roussel and loses puck.
18:57 of 2nd period - Shot by Nic Dowd.
18:57 of 2nd period - Shot Hit the Post.
18:59 of 2nd period - Shot by Justin Braun.
18:59 of 2nd period - Goal by Justin Braun - MINNESOTA : 3 - WINNIPEG : 2.
19:00 of 2nd period - Matt Calvert wins face-off versus Sidney Crosby in neutral zone.
Goals for this period are 3 for MINNESOTA vs 1 for WINNIPEG.
Shots for this period are 11 for MINNESOTA vs 9 for WINNIPEG.

3rd period


0:01 of 3rd period - Sidney Crosby wins face-off versus Tomas Hertl in neutral zone.
0:20 of 3rd period - Marcus Pettersson is hit by Mark Giordano and loses puck.
0:25 of 3rd period - Shot by Sidney Crosby.
0:25 of 3rd period - Shot Misses the Net.
1:05 of 3rd period - Shot by Tyler Toffoli.
1:05 of 3rd period - Shot Misses the Net.
1:23 of 3rd period - Niklas Hjalmarsson is hit by Jay Beagle and loses puck.
2:30 of 3rd period - Shot by Oscar Fantenberg.
2:30 of 3rd period - Stopped by Andrei Vasilevskiy with a rebound.
3:27 of 3rd period - Minor Penalty to Nikita Kucherov for Hooking.
3:28 of 3rd period - Tomas Hertl wins face-off versus Sidney Crosby in MINNESOTA zone.
3:28 of 3rd period - Tomas Hertl is hit by Alex Ovechkin.
3:35 of 3rd period - Icing by Justin Braun.
3:36 of 3rd period - Sidney Crosby wins face-off versus Johan Larsson in WINNIPEG zone.
4:33 of 3rd period - Shot by Marcus Pettersson.
4:33 of 3rd period - Deflect By Patrick Kane.
4:33 of 3rd period - Stopped by Andrei Vasilevskiy without a rebound.
4:34 of 3rd period - Sidney Crosby wins face-off versus Johan Larsson in MINNESOTA zone.
4:35 of 3rd period - Shot by Alex Ovechkin.
4:35 of 3rd period - Stopped by Andrei Vasilevskiy without a rebound.
4:36 of 3rd period - Jay Beagle wins face-off versus Johan Larsson in MINNESOTA zone.
5:05 of 3rd period - Shot by Patrick Kane.
5:05 of 3rd period - Shot Blocked by Erik Karlsson.
5:16 of 3rd period - Icing by Sidney Crosby.
5:17 of 3rd period - Tyler Toffoli wins face-off versus Tomas Hertl in WINNIPEG zone.
5:28 of 3rd period - Shot by Tyler Toffoli.
5:28 of 3rd period - Shot Misses the Net.
5:30 of 3rd period - Shot by Alexander Edler.
5:30 of 3rd period - Goal by Alexander Edler - MINNESOTA : 3 - WINNIPEG : 3.
5:31 of 3rd period - Nic Dowd wins face-off versus Tomas Hertl in neutral zone.
5:41 of 3rd period - Oliver Ekman-Larsson is hit by Alexander Edler and loses puck.
6:22 of 3rd period - Sidney Crosby is hit by Kyle Connor and loses puck.
6:39 of 3rd period - Shot by Oscar Fantenberg.
6:39 of 3rd period - Stopped by Andrei Vasilevskiy without a rebound.
6:40 of 3rd period - Jay Beagle wins face-off versus Tanner Pearson in MINNESOTA zone.
6:49 of 3rd period - Shot by Patrick Kane.
6:49 of 3rd period - Stopped by Andrei Vasilevskiy without a rebound.
6:50 of 3rd period - Jay Beagle wins face-off versus Colin White in MINNESOTA zone.
7:07 of 3rd period - Shot by Mats Zuccarello.
7:07 of 3rd period - Shot Blocked by Chris Tanev.
7:09 of 3rd period - Shot by Colin White.
7:09 of 3rd period - Deflect By Mats Zuccarello.
7:09 of 3rd period - Stopped by Connor Hellebuyck without a rebound.
7:10 of 3rd period - John Tavares wins face-off versus Sidney Crosby in WINNIPEG zone.
7:10 of 3rd period - Brett Kulak is hit by Alexander Edler and loses puck.
7:30 of 3rd period - Shot by Tanner Pearson.
7:30 of 3rd period - Stopped by Connor Hellebuyck with a rebound.
7:32 of 3rd period - Shot by Zach Hyman.
7:32 of 3rd period - Stopped by Connor Hellebuyck without a rebound.
7:33 of 3rd period - Jay Beagle wins face-off versus Colin White in WINNIPEG zone.
7:55 of 3rd period - Shot by Mats Zuccarello.
7:55 of 3rd period - Shot Misses the Net.
8:11 of 3rd period - Shot by Jay Beagle.
8:11 of 3rd period - Stopped by Andrei Vasilevskiy without a rebound.
8:12 of 3rd period - John Tavares wins face-off versus Sidney Crosby in MINNESOTA zone.
8:12 of 3rd period - John Tavares is hit by J.T. Miller.
8:15 of 3rd period - Icing by Zach Hyman.
8:16 of 3rd period - Sidney Crosby wins face-off versus John Tavares in MINNESOTA zone.
8:21 of 3rd period - Shot by J.T. Miller.
8:21 of 3rd period - Stopped by Andrei Vasilevskiy with a rebound.
8:23 of 3rd period - Shot by Alexander Edler.
8:23 of 3rd period - Stopped by Andrei Vasilevskiy without a rebound.
8:24 of 3rd period - Zach Hyman wins face-off versus Sidney Crosby in MINNESOTA zone.
8:39 of 3rd period - Shot by J.T. Miller.
8:39 of 3rd period - Shot Blocked by Torey Krug.
8:41 of 3rd period - Shot by Alex Ovechkin.
8:41 of 3rd period - Stopped by Andrei Vasilevskiy without a rebound.
8:42 of 3rd period - Jay Beagle wins face-off versus Tomas Hertl in MINNESOTA zone.
8:49 of 3rd period - Shot by Jay Beagle.
8:49 of 3rd period - Shot Misses the Net.
8:51 of 3rd period - Shot by Patrick Kane.
8:51 of 3rd period - Shot Misses the Net.
8:53 of 3rd period - Shot by Marcus Pettersson.
8:53 of 3rd period - Shot Blocked by Mark Giordano.
9:06 of 3rd period - Icing by Kyle Connor.
9:07 of 3rd period - Tomas Hertl wins face-off versus Sidney Crosby in MINNESOTA zone.
9:20 of 3rd period - Shot by Sidney Crosby.
9:20 of 3rd period - Deflect By J.T. Miller.
9:20 of 3rd period - Stopped by Andrei Vasilevskiy with a rebound.
9:22 of 3rd period - Shot by Sidney Crosby.
9:22 of 3rd period - Deflect By J.T. Miller.
9:22 of 3rd period - Stopped by Andrei Vasilevskiy without a rebound.
9:23 of 3rd period - Jay Beagle wins face-off versus John Tavares in MINNESOTA zone.
9:28 of 3rd period - Shot by Patrick Kane.
9:28 of 3rd period - Stopped by Andrei Vasilevskiy without a rebound.
9:29 of 3rd period - John Tavares wins face-off versus Sidney Crosby in MINNESOTA zone.
9:43 of 3rd period - Off-side.
9:44 of 3rd period - Nikita Kucherov wins face-off versus Jay Beagle in neutral zone.
9:54 of 3rd period - Shot by Nikita Kucherov.
9:54 of 3rd period - Shot Blocked by Oscar Fantenberg.
9:56 of 3rd period - Shot by Kyle Connor.
9:56 of 3rd period - Stopped by Connor Hellebuyck without a rebound.
9:57 of 3rd period - Sidney Crosby wins face-off versus John Tavares in WINNIPEG zone.
10:15 of 3rd period - Shot by John Tavares.
10:15 of 3rd period - Goal by John Tavares - MINNESOTA : 4 - WINNIPEG : 3.
10:16 of 3rd period - Jay Beagle wins face-off versus Tomas Hertl in neutral zone.
10:33 of 3rd period - Shot by Kyle Connor.
10:33 of 3rd period - Shot Misses the Net.
10:43 of 3rd period - Off-side.
10:44 of 3rd period - Sidney Crosby wins face-off versus John Tavares in neutral zone.
10:44 of 3rd period - Sidney Crosby is hit by Tanner Pearson.
11:13 of 3rd period - Shot by John Tavares.
11:13 of 3rd period - Stopped by Connor Hellebuyck without a rebound.
11:14 of 3rd period - Tomas Hertl wins face-off versus Jay Beagle in WINNIPEG zone.
11:24 of 3rd period - Icing by Mark Giordano.
11:25 of 3rd period - Tomas Hertl wins face-off versus Antoine Roussel in MINNESOTA zone.
11:50 of 3rd period - Shot by Antoine Roussel.
11:50 of 3rd period - Stopped by Andrei Vasilevskiy with a rebound.
12:11 of 3rd period - Nikita Kucherov is hit by Alexander Edler and loses puck.
12:24 of 3rd period - Shot by J.T. Miller.
12:24 of 3rd period - Stopped by Andrei Vasilevskiy without a rebound.
12:25 of 3rd period - Jay Beagle wins face-off versus John Tavares in MINNESOTA zone.
12:25 of 3rd period - Jay Beagle is hit by Oliver Ekman-Larsson.
12:31 of 3rd period - Shot by Tyler Toffoli.
12:31 of 3rd period - Deflect By Patrick Kane.
12:31 of 3rd period - Shot Blocked by Oliver Ekman-Larsson.
12:33 of 3rd period - Shot by Chris Tanev.
12:33 of 3rd period - Shot Blocked by Niklas Hjalmarsson.
12:41 of 3rd period - Shot by John Tavares.
12:41 of 3rd period - Deflect By Tanner Pearson.
12:41 of 3rd period - Shot Blocked by Chris Tanev.
13:01 of 3rd period - Shot by Patrick Kane.
13:01 of 3rd period - Shot Misses the Net.
13:03 of 3rd period - Shot by Jay Beagle.
13:03 of 3rd period - Deflect By Tyler Toffoli.
13:03 of 3rd period - Goal by Tyler Toffoli - MINNESOTA : 4 - WINNIPEG : 4.
13:04 of 3rd period - Sidney Crosby wins face-off versus Mats Zuccarello in neutral zone.
13:34 of 3rd period - Shot by Colin White.
13:34 of 3rd period - Stopped by Connor Hellebuyck without a rebound.
13:35 of 3rd period - Johan Larsson wins face-off versus Antoine Roussel in WINNIPEG zone.
13:35 of 3rd period - Matt Calvert is hit by Justin Braun and loses puck.
13:39 of 3rd period - Icing by Justin Braun.
13:40 of 3rd period - John Tavares wins face-off versus Nic Dowd in WINNIPEG zone.
13:53 of 3rd period - Shot by Antoine Roussel.
13:53 of 3rd period - Stopped by Andrei Vasilevskiy without a rebound.
13:54 of 3rd period - Jay Beagle wins face-off versus Tomas Hertl in MINNESOTA zone.
14:07 of 3rd period - Jay Beagle is hit by Nikita Kucherov and loses puck.
14:26 of 3rd period - Shot by Nikita Kucherov.
14:26 of 3rd period - Shot Misses the Net.
14:28 of 3rd period - Shot by Nikita Kucherov.
14:28 of 3rd period - Shot Misses the Net.
15:09 of 3rd period - Shot by Tanner Pearson.
15:09 of 3rd period - Shot Misses the Net.
15:11 of 3rd period - Shot by Tanner Pearson.
15:11 of 3rd period - Stopped by Connor Hellebuyck with a rebound.
15:22 of 3rd period - John Tavares is hit by Alexander Edler and loses puck.
15:33 of 3rd period - Colin White is hit by Tyler Toffoli and loses puck.
15:59 of 3rd period - Oscar Fantenberg is hit by Colin White and loses puck.
16:08 of 3rd period - Shot by Justin Braun.
16:08 of 3rd period - Stopped by Andrei Vasilevskiy without a rebound.
16:09 of 3rd period - Tomas Hertl wins face-off versus Nic Dowd in MINNESOTA zone.
17:17 of 3rd period - Icing by Dan Hamhuis.
17:18 of 3rd period - John Tavares wins face-off versus Alex Ovechkin in WINNIPEG zone.
18:24 of 3rd period - Shot by Colin White.
18:24 of 3rd period - Stopped by Connor Hellebuyck with a rebound.
18:32 of 3rd period - Shot by Dominik Kahun.
18:32 of 3rd period - Stopped by Connor Hellebuyck without a rebound.
18:33 of 3rd period - Jay Beagle wins face-off versus Johan Larsson in WINNIPEG zone.
19:08 of 3rd period - Tyler Toffoli is hit by William Carrier and loses puck.
19:30 of 3rd period - Oliver Ekman-Larsson is hit by Jay Beagle and loses puck.
19:53 of 3rd period - Shot by Sidney Crosby.
19:53 of 3rd period - Shot Hit the Post.
Goals for this period are 1 for MINNESOTA vs 2 for WINNIPEG.
Shots for this period are 10 for MINNESOTA vs 18 for WINNIPEG.

Overtime #1


0:01 of 1st overtime period - Sidney Crosby wins face-off versus Dominik Kahun in neutral zone.
0:28 of 1st overtime period - Shot by Sidney Crosby.
0:28 of 1st overtime period - Stopped by Andrei Vasilevskiy without a rebound.
0:29 of 1st overtime period - Sidney Crosby wins face-off versus Dominik Kahun in MINNESOTA zone.
0:46 of 1st overtime period - Shot by Sidney Crosby.
0:46 of 1st overtime period - Shot Misses the Net.
0:48 of 1st overtime period - Shot by Alexander Edler.
0:48 of 1st overtime period - Stopped by Andrei Vasilevskiy without a rebound.
0:49 of 1st overtime period - Sidney Crosby wins face-off versus Dominik Kahun in MINNESOTA zone.
1:25 of 1st overtime period - Icing by William Carrier.
1:26 of 1st overtime period - Nic Dowd wins face-off versus Dominik Kahun in MINNESOTA zone.
1:41 of 1st overtime period - Shot by Loui Eriksson.
1:41 of 1st overtime period - Stopped by Andrei Vasilevskiy with a rebound.
2:06 of 1st overtime period - Icing by Loui Eriksson.
2:07 of 1st overtime period - Nic Dowd wins face-off versus Zach Hyman in WINNIPEG zone.
2:34 of 1st overtime period - Shot by Kyle Connor.
2:34 of 1st overtime period - Stopped by Connor Hellebuyck with a rebound.
3:10 of 1st overtime period - Shot by Nic Dowd.
3:10 of 1st overtime period - Shot Misses the Net.
3:24 of 1st overtime period - Shot by Matt Calvert.
3:24 of 1st overtime period - Stopped by Connor Hellebuyck without a rebound.
3:25 of 1st overtime period - Zach Hyman wins face-off versus Sidney Crosby in WINNIPEG zone.
3:40 of 1st overtime period - Shot by Patrick Kane.
3:40 of 1st overtime period - Stopped by Andrei Vasilevskiy without a rebound.
3:41 of 1st overtime period - Sidney Crosby wins face-off versus Matt Calvert in MINNESOTA zone.
3:46 of 1st overtime period - Shot by Sidney Crosby.
3:46 of 1st overtime period - Stopped by Andrei Vasilevskiy with a rebound.
4:31 of 1st overtime period - Shot by Nic Dowd.
4:31 of 1st overtime period - Deflect By Drew O'Connor.
4:31 of 1st overtime period - Shot Misses the Net.
4:33 of 1st overtime period - Shot by Drew O'Connor.
4:33 of 1st overtime period - Stopped by Andrei Vasilevskiy without a rebound.
4:34 of 1st overtime period - Loui Eriksson wins face-off versus William Carrier in MINNESOTA zone.
4:55 of 1st overtime period - Shot by Loui Eriksson.
4:55 of 1st overtime period - Shot Misses the Net.
4:58 of 1st overtime period - Icing by Mark Giordano.
4:59 of 1st overtime period - Sidney Crosby wins face-off versus William Carrier in MINNESOTA zone.
Goals for this period are 0 for MINNESOTA vs 0 for WINNIPEG.
Shots for this period are 2 for MINNESOTA vs 6 for WINNIPEG.

ShootOut


5:00 of 1st overtime period - Round #1.
5:00 of 1st overtime period - MINNESOTA, Nikita Kucherov.
5:00 of 1st overtime period - Shot Misses the Net.
5:00 of 1st overtime period - WINNIPEG, Alex Ovechkin.
5:00 of 1st overtime period - Shot Misses the Net.
5:00 of 1st overtime period - Round #2.
5:00 of 1st overtime period - MINNESOTA, Mats Zuccarello.
5:00 of 1st overtime period - Shot Misses the Net.
5:00 of 1st overtime period - WINNIPEG, Patrick Kane.
5:00 of 1st overtime period - Goal by Patrick Kane.
5:00 of 1st overtime period - Round #3.
5:00 of 1st overtime period - MINNESOTA, Kyle Connor.
5:00 of 1st overtime period - Goal by Kyle Connor.
5:00 of 1st overtime period - WINNIPEG, Sidney Crosby.
5:00 of 1st overtime period - Stopped by Andrei Vasilevskiy.
5:00 of 1st overtime period - Round #4.
5:00 of 1st overtime period - MINNESOTA, Tomas Hertl.
5:00 of 1st overtime period - Stopped by Connor Hellebuyck.
5:00 of 1st overtime period - WINNIPEG, J.T. Miller.
5:00 of 1st overtime period - Goal by J.T. Miller.